 Dungeon Crawl Stone Soup version 0.17.2-1-ge4368a0 (webtiles) character file.

31077 Khazaran the Thaumaturge (level 13, 0/92 HPs)
             Began as a Mummy Wizard on Oct 25, 2017.
             Was the Champion of Sif Muna.
             Slain by a wyvern skeleton (12 damage)
             ... on level 13 of the Dungeon.
             The game lasted 00:37:15 (15843 turns).

Khazaran the Thaumaturge (Mummy Wizard)            Turns: 15843, Time: 00:37:15

Health: 0/92       AC:  6    Str: 10    XL:     13   Next: 24%
Magic:  7/26       EV: 15    Int: 21    God:    Sif Muna [******]
Gold:   560        SH:  0    Dex: 12    Spells: 8 memorised, 8 levels left

rFire  x . .     SeeInvis .     a - +6 hunting sling of Honesty {flame, rN+}
rCold  + + .     Clarity  .     g - +0 robe
rNeg   + + +     SustAt   .     (no shield)
rPois  ∞         Gourm    .     B - +0 helmet
rElec  .         Spirit   .     C - +0 cloak
rCorr  .         Warding  .     z - +0 pair of gloves of Iwur {Regen+}
rMut   .         Stasis   .     y - +0 pair of boots
MR     +....                    e - amulet of faith
Stlth  ++........               (no ring)
                                G - ring of protection from cold

@: about to teleport, repel missiles, somewhat resistant to hostile
enchantments, unstealthy
A: no food or potions, fire vulnerability, cold resistance 1, negative energy
resistance 3, torment resistance, unbreathing, in touch with death 1, restore
body
a: Self-Restoration, Channel Energy, Forget Spell, Renounce Religion


You were on level 13 of the Dungeon.
You worshipped Sif Muna.
Sif Muna was exalted by your worship.
You were not hungry.

You visited 2 branches of the dungeon, and saw 14 of its levels.
You also visited: Labyrinth.

You collected 818 gold pieces.
You spent 258 gold pieces at shops.

Inventory:

Hand Weapons
 a - the +6 hunting sling of Honesty (weapon) {flame, rN+}
   (You found it on level 4 of the Dungeon)

   It causes projectiles fired from it to burn those they strike, causing extra
   injury to most foes and up to half again as much damage against particularly
   susceptible opponents.
   It protects you from negative energy.
 b - a +1 blowgun
 s - a +0 hunting sling of freezing
Missiles
 h - 163 stones (quivered)
 n - 66 poisoned needles
Armour
 g - a +0 robe (worn)
 l - the +4 ring mail of Action {rF+ SInv}
   (You found it in a labyrinth)

   It protects you from fire.
   It lets you see invisible.
 y - a +0 pair of boots (worn)
 z - the +0 pair of gloves of Iwur (worn) {Regen+}
   (You bought it in a shop on level 4 of the Dungeon)

   It increases your rate of regeneration.
 B - a +0 helmet (worn)
 C - a +0 cloak (worn)
Magical Staves
 k - an uncursed staff of summoning
 Q - an uncursed staff of cold
Jewellery
 e - an amulet of faith (around neck)
 i - an uncursed amulet of resist mutation
 D - an uncursed amulet of warding
 F - an uncursed amulet of guardian spirit
 G - a ring of protection from cold (left hand)
 H - an uncursed ring of protection from magic
 J - an uncursed ring of protection from magic
 L - an uncursed amulet of stasis
Wands
 t - a wand of draining (0)
 u - a wand of polymorph (4)
 v - a wand of digging (16)
 w - a wand of paralysis (13)
 x - a wand of draining (0)
 K - a wand of invisibility (0)
 M - a wand of teleportation (1)
 N - a wand of invisibility (1)
 O - a wand of frost (11)
Scrolls
 d - 2 scrolls of identify
 f - 3 scrolls of remove curse
 j - a scroll of magic mapping
 o - a scroll of blinking
 q - 7 scrolls of teleportation
 E - 2 scrolls of immolation
 I - a scroll of enchant armour
 P - a scroll of torment {unknown}
Books
 c - a book of Minor Magic

   Spells                             Type                      Level
   a - Magic Dart                     Conjuration                  1
   b - Blink                          Translocation                2
   c - Call Imp                       Summoning                    2
   d - Repel Missiles                 Charms/Air                   2
   e - Slow                           Hexes                        2
   f - Conjure Flame                  Conjuration/Fire             3
   g - Mephitic Cloud                 Conjuration/Poison/Air       3
 m - a book of the Warp

   Spells                             Type                      Level
   a - Recall                         Summoning/Translocation      3
   b - Gell's Gravitas                Hexes/Translocation          3
   c - Force Lance                    Conjuration/Translocation    4
   d - Phase Shift                    Translocation                5
   e - Warp Weapon                    Charms/Translocation         5
   f - Summon Forest                  Summoning/Translocation      5
 p - a Grand Grimoire

   Spells                             Type                      Level
   a - Monstrous Menagerie            Summoning                    6
   b - Summon Greater Demon           Summoning                    7
   c - Malign Gateway                 Summoning/Translocation      7
   d - Summon Horrible Things         Summoning                    8
 r - a book of Alchemy

   Spells                             Type                      Level
   a - Sublimation of Blood           Necromancy                   2
   b - Ignite Poison                  Fire/Transmutation/Poison    3
   c - Alistair's Intoxication        Transmutation/Poison         4
   d - Condensation Shield            Ice                          4
   e - Petrify                        Transmutation/Earth          4
   f - Irradiate                      Conjuration/Transmutation    5
 A - a book of Debilitation

   Spells                             Type                      Level
   a - Corona                         Hexes                        1
   b - Slow                           Hexes                        2
   c - Gell's Gravitas                Hexes/Translocation          3
   d - Inner Flame                    Hexes/Fire                   3
   e - Cause Fear                     Hexes                        4
   f - Leda's Liquefaction            Hexes/Earth                  4


   Skills:
 + Level 5.5 Fighting
 - Level 7.5 Dodging
 - Level 1.5 Stealth
 * Level 9.2 Spellcasting
 + Level 9.1 Conjurations
 - Level 2.7 Charms
 + Level 4.0 Summonings
 + Level 7.5 Translocations
 - Level 2.9 Fire Magic
 - Level 2.7 Air Magic
 - Level 2.2 Poison Magic
 + Level 7.3 Invocations


You had 8 spell levels left.
You knew the following spells:

 Your Spells              Type           Power        Failure   Level  Hunger
a - Magic Dart            Conj           ####         1%          1    N/A
b - Blink                 Tloc           N/A          1%          2    N/A
c - Call Imp              Summ           ####....     1%          2    N/A
d - Conjure Flame         Conj/Fire      #####...     1%          3    N/A
e - Mephitic Cloud        Conj/Pois/Air  ####....     2%          3    N/A
f - Force Lance           Conj/Tloc      #####...     2%          4    N/A
g - Summon Forest         Summ/Tloc      ####......   21%         5    N/A
k - Repel Missiles        Chrm/Air       ###...       3%          2    N/A

Dungeon Overview and Level Annotations

Branches:
Dungeon (13/15)            Temple (1/1) D:7            Lair (0/8) D:8
    Orc (0/4) D:9
 Vaults: D:13-14

Altars:
Ashenzari
Cheibriados
Dithmenos
Elyvilon
Fedhas
Gozag
Makhleb
Nemelex Xobeh
Okawaru
Qazlal
Ru
Sif Muna
Trog
Vehumet
Xom
Zin
The Shining One

Shops:
D:4 :[(*?   D:7 [


Innate Abilities, Weirdness & Mutations

You do not eat or drink.
Your flesh is vulnerable to fire.
You are immune to poison.
Your flesh is cold resistant.
You are immune to negative energy.
You are immune to unholy pain and torment.
You can survive without breathing.
You are in touch with the powers of death.
You can restore your body by infusing magical energy.


Message History

The orc appears confused.
The orc closely misses the orc warrior.
The orc closely misses the orc warrior.
The orc warrior is engulfed in noxious fumes.
The orc warrior appears confused.
Casting: Mephitic Cloud
Confirm with . or Enter, or press ? or * to list all spells.
Aiming: Mephitic Cloud
Press: ? - help, Shift-Dir - straight line, f - orc priest, p - wyvern skeleton
Aim: an orc priest, wielding an enchanted mace and wearing a ring mail You miscast Mephitic Cloud.
Sif Muna protects you from the effects of your miscast!
The wyvern skeleton is engulfed in roaring flames.
The orc priest mumbles some strange prayers to Beogh against you.
Something smites you!
* * * LOW HITPOINT WARNING * * *
Unknown command.
Unknown command.
The orc hits the orc priest but does no damage.
The wyvern skeleton bites you!
You die...

..#...##...# ...# #.#...##Y
..#...# ..(# #...# #... #.#......
..#...###..###('p###..###.#..§.##
.......≈≈≈≈≈≈≈.(.≈≈≈≈≈≈≈..#....##
.#.....≈≈≈≈≈≈(...≈≈≈≈≈≈≈.Y#.§...#
........≈≈≈≈≈≈...≈≈≈≈≈≈...#...#.#
###......≈≈≈≈.....≈≈≈≈....##.....
.............(............##....#
..............#.@%..............#
..............###Zo..#....##....#
..............p§..o.............#
....##.#####..o##....####...#....
....##.........##o..........#.#..
....................o........>...
....#######.......##.............
....# #.......#.#.#########..
....# ...##........#).# ##.......


You could see a vault guard, an orc warrior (confused), an orc priest, 2 orcs
and a wyvern skeleton.

Vanquished Creatures
  A vault guard (D:13)
  A minotaur (Lab)
  A hydra (D:12)
  A rakshasa (D:13)
  A catoblepas (D:13)
  3 centaur warriors
  A wizard (D:13)
  4 skeletal warriors
  An unseen horror (D:12)
  2 hill giants
  2 ugly things
  A griffon (D:11)
  3 gargoyles (D:13)
  A redback zombie (D:12)
  A yaktaur (D:13)
  A wolf spider simulacrum (D:13)
  A two-headed ogre (D:12)
  A troll (D:13)
  12 slime creatures
  A trapdoor spider zombie (D:12)
  A trapdoor spider (Lab)
  2 shadows
  4 wyverns
  A spriggan (D:7)
  24 yaks
  2 basilisks (Lab)
  2 hippogriffs
  3 wargs (D:8)
  2 hungry ghosts
  7 orc warriors
  2 ice beasts (D:7)
  A sky beast (D:12)
  3 phantoms
  7 ogres
  2 necrophages (D:12)
  12 centaurs
  2 black bears
  3 big kobolds (D:12)
  5 giant frogs
  5 killer bees (D:9)
  2 wyvern zombies (D:12)
  A wyvern skeleton (D:12)
  A scorpion (D:8)
  8 wights
  A spriggan skeleton (Lab)
  A troll skeleton (Lab)
  9 crimson imps
  4 hounds
  5 jellies
  4 giant frog zombies
  12 orc wizards
  Crazy Yiuf (D:7)
  9 centaur zombies
  12 orc priests
  3 iguanas
  6 centaur skeletons
  6 worker ants
  2 hound zombies
  An ogre skeleton (Lab)
  11 adders
  4 shadow imps
  An adder zombie (D:7)
  2 oozes
  A worm (D:3)
  4 giant geckos
  41 orcs
  4 bats
  4 goblins
  4 hobgoblins
  2 jackals (D:4)
  7 quokkas
  A ball python (D:3)
  8 giant cockroaches
  2 giant gecko skeletons
  4 giant newts
  A jackal skeleton (D:5)
  24 kobolds
  9 rats
352 creatures vanquished.

Vanquished Creatures (collateral kills)
  A shadow (D:13)
  3 worms (D:2)
  A kobold (D:3)
5 creatures vanquished.

Vanquished Creatures (others)
  A plant (D:8)
  28 snaplasher vine segments (D:13)
29 creatures vanquished.

Grand Total: 386 creatures vanquished

Notes
Turn   | Place    | Note
--------------------------------------------------------------
     0 | D:1      | Khazaran the Mummy Wizard began the quest for the Orb.
     0 | D:1      | Reached XP level 1. HP: 13/13 MP: 4/4
    81 | D:1      | Reached skill level 1 in Conjurations
   420 | D:1      | Reached XP level 2. HP: 19/19 MP: 3/6
   840 | D:1      | Noticed a phantom
   918 | D:1      | Learned a level 2 spell: Call Imp
   921 | D:1      | Learned a level 2 spell: Blink
   924 | D:1      | Learned a level 2 spell: Repel Missiles
  1734 | D:2      | Reached XP level 3. HP: 24/24 MP: 0/7
  2490 | D:3      | Reached XP level 4. HP: 21/30 MP: 1/9
  2654 | D:3      | Found a sacrificial altar of Ru.
  2722 | D:3      | Found a shimmering altar of Xom.
  2812 | D:3      | Found a burning altar of Makhleb.
  2812 | D:3      | Found a radiant altar of Vehumet.
  3121 | D:4      | Found Dewkysog's Antique Weapon Boutique.
  3134 | D:4      | Found Saocvawnie's General Store.
  3144 | D:4      | Bought a scroll of remove curse for 39 gold pieces
  3146 | D:4      | Bought a +0 helmet for 58 gold pieces
  3172 | D:4      | Found a glowing golden altar of the Shining One.
  3195 | D:4      | Found a glowing silver altar of Zin.
  3296 | D:4      | Reached XP level 5. HP: 35/35 MP: 5/10
  3297 | D:4      | Found Titomylif's Magic Scroll Emporium.
  3325 | D:4      | Got a crystal hunting sling
  3326 | D:4      | Identified the +6 hunting sling of Honesty {flame, rN+} (You found it on level 4 of the Dungeon)
  3457 | D:4      | Found Piucirei's Armour Shop.
  3503 | D:4      | Found Aqiub's Book Emporium.
  3531 | D:4      | Found an opulent altar of Gozag.
  3730 | D:4      | Found a bloodstained altar of Trog.
  3947 | D:5      | Entered Level 5 of the Dungeon
  3982 | D:5      | Reached skill level 4 in Spellcasting
  3997 | D:5      | Learned a level 3 spell: Conjure Flame
  4043 | D:5      | Noticed an ogre
  4047 | D:5      | Killed an ogre
  4047 | D:5      | Reached XP level 6. HP: 41/41 MP: 12/12
  4160 | D:5      | Noticed an ogre
  4181 | D:5      | Killed an ogre
  4286 | D:5      | Reached skill level 5 in Conjurations
  4397 | D:5      | Reached XP level 7. HP: 46/46 MP: 14/14
  4417 | D:5      | Learned a level 3 spell: Mephitic Cloud
  4433 | D:5      | Reached skill level 5 in Spellcasting
  4841 | D:6      | Reached skill level 6 in Conjurations
  5127 | D:6      | Found a shattered altar of Ashenzari.
  5136 | D:6      | Reached XP level 8. HP: 52/52 MP: 16/16
  5313 | D:4      | Bought the +0 pair of gloves of Iwur {Regen+} for 161 gold pieces
  5617 | D:7      | Found a staircase to the Ecumenical Temple.
  5638 | D:7      | Found Jonlulof's Antique Armour Shop.
  5760 | D:7      | Noticed Crazy Yiuf
  5763 | D:7      | Killed Crazy Yiuf
  6415 | D:7      | Reached skill level 5 in Dodging
  6522 | D:7      | Found a sparkling altar of Nemelex Xobeh.
  6522 | D:7      | Found a white marble altar of Elyvilon.
  6592 | D:7      | Reached XP level 9. HP: 48/57 MP: 12/18
  6793 | D:8      | Found a blossoming altar of Fedhas.
  7469 | D:8      | Found a staircase to the Lair.
  7507 | D:8      | Reached skill level 7 in Dodging
  7593 | D:8      | Reached skill level 1 in Fighting
  7593 | D:8      | Reached skill level 1 in Translocations
  7933 | Temple   | Entered the Ecumenical Temple
  7949 | Temple   | Became a worshipper of Sif Muna the Loreminder
  8113 | D:9      | Reached skill level 1 in Summonings
  8154 | D:9      | Reached skill level 1 in Invocations
  8189 | D:9      | Reached skill level 1 in Fire Magic
  8480 | D:9      | Reached * piety under Sif Muna
  8480 | D:9      | Reached skill level 1 in Charms
  8607 | D:9      | Found an iron altar of Okawaru.
  8626 | D:9      | Found a staircase to the Orcish Mines.
  8688 | D:9      | Reached XP level 10. HP: 67/67 MP: 19/19
  8711 | D:9      | Reached skill level 1 in Air Magic
  8724 | D:9      | Found a snail-covered altar of Cheibriados.
  8898 | D:10     | Entered Level 10 of the Dungeon
  9191 | D:10     | Noticed a hill giant
  9207 | D:10     | Killed a hill giant
  9216 | D:10     | Reached ** piety under Sif Muna
  9541 | D:11     | Noticed a hill giant
  9560 | D:11     | Noticed a brown ugly thing
  9580 | D:10     | Killed a brown ugly thing
  9804 | D:11     | Noticed a griffon
  9824 | D:11     | Killed a griffon
 10080 | D:11     | Reached *** piety under Sif Muna
 10111 | D:11     | Killed a hill giant
 10447 | D:12     | Reached XP level 11. HP: 63/72 MP: 17/21
 10529 | D:11     | Reached **** piety under Sif Muna
 10603 | D:12     | Reached skill level 5 in Translocations
 10630 | D:12     | Found a labyrinth entrance.
 10652 | Lab      | Entered a labyrinth
 11271 | Lab      | Noticed a minotaur
 11296 | Lab      | Killed a minotaur
 11406 | Lab      | Got a heavily runed ring mail
 11407 | Lab      | Identified the +4 ring mail of Action {rF+ SInv} (You found it in a labyrinth)
 11511 | D:12     | Reached ***** piety under Sif Muna
 11658 | D:12     | Reached skill level 5 in Invocations
 11974 | D:12     | Noticed a five-headed hydra
 11981 | D:12     | Killed a five-headed hydra
 12024 | D:12     | Reached skill level 1 in Poison Magic
 12066 | D:12     | Reached skill level 8 in Conjurations
 12158 | D:12     | Killed an unseen horror
 12344 | D:12     | Reached XP level 12. HP: 81/81 MP: 20/23
 12425 | D:12     | Reached ****** piety under Sif Muna
 12451 | D:12     | Received a gift from Sif Muna
 13356 | D:13     | Noticed a centaur warrior
 13451 | D:13     | Noticed a centaur warrior
 13486 | D:12     | Killed a centaur warrior
 13632 | D:12     | Learned a level 4 spell: Force Lance
 13708 | D:13     | Noticed a centaur warrior
 14167 | D:13     | Noticed a catoblepas
 14583 | D:13     | Noticed a centaur warrior
 14612 | D:13     | Reached skill level 5 in Fighting
 14615 | D:13     | Received a gift from Sif Muna
 14625 | D:13     | Killed a centaur warrior
 14625 | D:13     | Reached skill level 9 in Conjurations
 14886 | D:13     | Killed a centaur warrior
 14904 | D:13     | Gained mutation: You are in touch with the powers of death. [Mummy growth]
 14904 | D:13     | Gained mutation: You can restore your body by infusing magical energy. [Mummy growth]
 14904 | D:13     | Reached XP level 13. HP: 66/91 MP: 25/25
 15194 | D:13     | Noticed a rakshasa
 15215 | D:13     | Learned a level 5 spell: Summon Forest
 15243 | D:13     | Killed a rakshasa
 15415 | D:13     | Noticed a vault guard
 15468 | D:13     | Killed a catoblepas
 15559 | D:13     | Noticed a vault guard
 15559 | D:13     | Noticed a vault guard
 15792 | D:13     | Killed a vault guard
 15843 | D:13     | Slain by a wyvern skeleton

Action                   |  1- 3 |  4- 6 |  7- 9 | 10-12 | 13-15 || total
-------------------------+-------+-------+-------+-------+-------++-------
Melee: Unarmed           |    11 |       |       |       |       ||    11
 Fire: Hunting sling     |    54 |    78 |   371 |   647 |    25 ||  1175
 Cast: Magic Dart        |    85 |    23 |    22 |    66 |       ||   196
       Call Imp          |     5 |       |       |       |       ||     5
       Repel Missiles    |     1 |       |     4 |     7 |       ||    12
       Blink             |     1 |     1 |     7 |    47 |     5 ||    61
       Conjure Flame     |       |     4 |    12 |   138 |     9 ||   163
       Mephitic Cloud    |       |       |    13 |    58 |    15 ||    86
       Force Lance       |       |       |       |    47 |    34 ||    81
       Summon Forest     |       |       |       |       |     1 ||     1
Invok: Channel Energy    |       |       |       |   359 |    89 ||   448
Evoke: Wand              |       |       |     7 |    21 |       ||    28
  Use: Scroll            |     4 |     5 |     9 |    13 |     1 ||    32
